 Dungeon Crawl Stone Soup version 0.30.0-19-g36f170ea60 (webtiles) character file.

Game seed: 12274875634756075149

1546 Graphine the Covered (level 8, -11/79 HPs)
             Began as an Armataur Fighter on May 28, 2023.
             Was a Follower of Okawaru.
             Engulfed by a cloud of flame (12 damage)
             ... on level 7 of the Dungeon.
             The game lasted 00:16:37 (5351 turns).

Graphine the Covered (Armataur Fighter)             Turns: 5351, Time: 00:16:38

Health: -11/79     AC:  7    Str: 24    XL:     8   Next: 57%
Magic:  8/8        EV:  8    Int:  9    God:    Okawaru [*.....]
Gold:   362        SH:  4    Dex:  9    Spells: 7/7 levels left

rFire   + . .        a - +0 war axe (vamp)
rCold   . . .        c - +0 buckler
rNeg    . . .        s - +0 ring mail {rF+}
rPois   +            (helmet restricted)
rElec   .            j - scarf {shadows}
rCorr   .            (no gloves)
SInv    .            (no barding)
Will    +....        o - amulet of regeneration
Stlth   +            d - ring of poison resistance
HPRegen 1.13/turn    n - ring of flight
MPRegen 0.11/turn

%: roll
@: lethally poisoned (-11 -> -12), flying
A: large, rugged brown scales 3, deformed body, armoured tail, roll, long
tongue, awkward tongue, antennae 1, strong-willed 1, robust 1, screaming 1
a: Renounce Religion, Heroism


You were on level 7 of the Dungeon.
You worshipped Okawaru.
Okawaru was aware of your devotion.
You visited 2 branches of the dungeon, and saw 10 of its levels.

You collected 362 gold pieces.

Inventory:

Hand Weapons
 a - a +0 vampiric war axe (weapon)
 g - a +0 hand axe of distortion
 k - a +0 war axe
Armour
 b - a +0 scale mail
 c - a +0 buckler (worn)
 j - a scarf of shadows (worn)
 s - a +0 ring mail of fire resistance (worn)
Jewellery
 d - a ring of poison resistance (left hand)
 m - an amulet of guardian spirit
 n - a ring of flight (right hand)
 o - an amulet of regeneration (around neck)
 r - an amulet of faith
Scrolls
 h - a scroll of enchant armour {unknown}
 i - a scroll of butterflies {unknown}
 l - a scroll of torment {unknown}
 p - a scroll of fog {unknown}
 q - 2 scrolls of blinking {unknown}
 t - a scroll of amnesia {unknown}
 u - a scroll of immolation
Potions
 e - a potion of might
 f - 2 potions of degeneration


   Skills:
 + Level 5.1 Fighting
 + Level 6.2 Axes
 + Level 7.0 Armour
 - Level 1.2 Dodging
 + Level 1.4 Stealth
 + Level 4.6 Shields


You had 7 spell levels left.
You didn't know any spells.
Your spell library contained the following spells:

 Spells                   Type           Power      Damage    Failure   Level
 Beastly Appendage        Tmut           0%         N/A       56%         1
 Foxfire                  Conj/Fire      0%         2x1d4     56%         1
 Magic Dart               Conj           0%         1d3       56%         1
 Sublimation of Blood     Necr           0%         N/A       71%         2
 Wereblood                Tmut           0%         N/A       71%         2
 Mephitic Cloud           Conj/Pois/Air  0%         N/A       91%         3
 Spider Form              Tmut/Pois      0%         N/A       91%         3
 Petrify                  Tmut/Erth      0%         N/A       100%        4
 Fireball                 Conj/Fire      0%         3d3       100%        5
 Irradiate                Conj/Tmut      0%         3d11      100%        5
 Plasma Beam              Fire/Air       0%         2x1d11    100%        6
 Starburst                Conj/Fire      0%         6d3       100%        6
 Call Imp                 Summ           Unusable   N/A       N/A         2

Dungeon Overview and Level Annotations

Branches:
Dungeon (9/15)             Temple (1/1) D:6
   Lair: D:8-11         Orc: D:9-12

Altars:
Ashenzari
Cheibriados
Kikubaaqudgha
Makhleb
Okawaru
Ru
Trog
Wu Jian


Innate Abilities, Weirdness & Mutations

You are completely covered in rugged brown scales. (AC +3, +7% HP)
Armour fits poorly on your strangely shaped body.
You have a long armoured tail.
You roll when moving toward enemies. (Rampage)
Your long tongue fully drains potion bottles. (2x potion effects)
Your tongue gives you trouble enunciating. (1.5x scroll delay)
You have a pair of small antennae on your head.
You are strong-willed. (Will+)
You are robust. (+10% HP)
You occasionally shout uncontrollably at your foes.


Message History

You miss the killer bee.
The killer bee is almost dead.
You slash the killer bee!
Flame seeps out of the killer bee.
You feel better.
You barely miss the killer bee.
You feel sick.
The killer bee stings you but does no damage.
The killer bee is engulfed in blazing flames.
Okawaru accepts your kill.
You can now gain great but temporary skills.
The killer bee explodes!
The fiery explosion engulfs the killer bee!!
Okawaru accepts your kill. The fiery explosion engulfs you! You resist.
* * * LOW HITPOINT WARNING * * *
The fiery explosion engulfs the killer bee!!
Okawaru accepts your kill.
The fiery explosion engulfs the killer bee!!
Okawaru accepts your kill.
The fiery explosion engulfs the killer bee!!
Okawaru accepts your kill.
The fiery explosion engulfs the killer bee!!
Okawaru accepts your kill.
The killer bee explodes! x2
The fiery explosion engulfs the centaur!!
Flame seeps out of the centaur.
The centaur is almost dead.
The killer bee explodes!
The fiery explosion engulfs you. You resist.
* * * LOW HITPOINT WARNING * * *
The fiery explosion engulfs the centaur!!
Okawaru accepts your kill.
The centaur explodes!
The killer bee explodes! x2
The fiery explosion engulfs you. You resist.
* * * LOW HITPOINT WARNING * * *
Your Fighting skill increases to level 5!
Your Axes skill increases to level 6!
Your Armour skill increases to level 7!
You are engulfed in blazing flames.
You resist.
* * * LOW HITPOINT WARNING * * *
x2 You feel sick.
You are engulfed in blazing flames.
You resist.
You die...

#######....
#..........(
#....................
#....................
#..>....... ........
#.......... .§§.....
#......###+###§§.....
#......#...§§§§§.....
........)...(@§°§§.....
.........#######§§.....
.........# {#.§..>..
.........# #.......
.........# #.......
........# #.......
.......# #.......


There were no monsters in sight!

Vanquished Creatures
  A water moccasin (D:9)
  An ogre (D:4)
  A centaur (D:7)
  2 phantoms
  A kobold brigand (D:9)
  A bullfrog (D:9)
  9 killer bees
  4 hounds
  2 orc priests
  A jelly (D:5)
  3 iguanas (D:5)
  A sleepcap (D:5)
  2 orc wizards
  4 gnolls (D:2)
  7 adders
  A shadow imp (D:6)
  A white imp (D:5)
  A dart slug (D:1)
  12 orcs
  7 bats
  8 endoplasms
  4 giant cockroaches
  9 goblins
  6 hobgoblins
  3 jackals (D:4)
  16 kobolds
  4 quokkas
  6 ball pythons
  3 frilled lizards
  22 rats
143 creatures vanquished.

Notes
Turn   | Place    | Note
-------+----------+-------------------------------------------
     0 | D:1      | Graphine the Armataur Fighter began the quest for the Orb.
     0 | D:1      | Reached XP level 1. HP: 19/19 MP: 1/1
   159 | D:1      | Reached XP level 2. HP: 26/26 MP: 2/2
   307 | D:1      | Reached skill level 4 in Armour
   689 | D:1      | Reached XP level 3. HP: 33/33 MP: 3/3
  1252 | D:2      | Reached XP level 4. HP: 35/40 MP: 4/4
  1701 | D:2      | Found a faded altar of an unknown god.
  2016 | D:3      | Found a snail-covered altar of Cheibriados.
  2317 | D:3      | Found an ancient bone altar of Kikubaaqudgha.
  2798 | D:4      | Reached XP level 5. HP: 48/48 MP: 2/5
  2810 | D:4      | Gained mutation: You are strong-willed. (Will+) [potion of
                  | mutation]
  2810 | D:4      | Gained mutation: You occasionally shout uncontrollably at
                  | your foes. [potion of mutation]
  2810 | D:4      | Gained mutation: You are robust. (+10% HP) [potion of
                  | mutation]
  2810 | D:4      | Gained mutation: You have a pair of small antennae on your
                  | head. [potion of mutation]
  2893 | D:4      | Found a broken altar of Ashenzari.
  2999 | D:4      | Noticed an ogre
  3007 | D:4      | Killed an ogre
  3008 | D:4      | Reached skill level 5 in Armour
  3008 | D:4      | Reached skill level 1 in Dodging
  3090 | D:4      | Reached XP level 6. HP: 59/59 MP: 6/6
  3688 | D:5      | Entered Level 5 of the Dungeon
  3859 | D:5      | Reached XP level 7. HP: 34/66 MP: 3/7
  4307 | D:5      | Reached skill level 1 in Stealth
  4810 | D:5      | Reached skill level 6 in Armour
  4938 | D:6      | Reached skill level 5 in Axes
  4983 | D:6      | Found a staircase to the Ecumenical Temple.
  5006 | Temple   | Entered the Ecumenical Temple
  5021 | Temple   | Became a worshipper of Warmaster Okawaru
  5138 | D:6      | You are sucked into a shaft and drop 3 floors!
  5163 | D:9      | Reached XP level 8. HP: 24/77 MP: 8/8
  5349 | D:7      | Reached * piety under Okawaru
  5350 | D:7      | Reached skill level 5 in Fighting
  5350 | D:7      | Reached skill level 7 in Armour
  5350 | D:7      | HP: 1/79 [cloud of flame (9)]
  5351 | D:7      | Engulfed by a cloud of flame

Illustrated notes

Levels and vault maps discovered:
D:1:      minmay_arrival_diagonal_passages, layout_basic, chequers_big_river
D:2:      layout_loops_ring, shapermc_ecumenical_altar_mp_urbaneastern
D:3:      layout_loops_corners, lemuel_tele_altar, mainiacjoe_overflow_alcove_1
D:4:      layout_loops_ring, nicolae_ashenzari_panopticon, minmay_rat_hole
D:5:      layout_loops_corners
D:6:      layout_rooms, old_standard_altar, minmay_temple_entry_sparse_star,
          nicolae_figureground_pulse
D:7:      layout_gridville, enter_ossuary_4, roderic_batcave
D:8:      layout_gridville, mainiacjoe_overflow_six_doors_small,
          lair_entry_dummy, uniq_maggie, uniq_psyche
D:9:      layout_long_grid, overflow_temple_1_default, lemuel_doored_altar,
          old_standard_altar, minmay_joined_circles
Temple:   hellmonk_temple_of_storms

Skill      XL: |  1  2  3  4  5  6  7  8 |
---------------+-------------------------+-----
Fighting       | 3 4 5 |  5.1
Armour         | 4 5 6 7 |  7.0
Axes           | 2 3 4 5 6 |  6.2
Dodging        | 1 |  1.2
Shields        | 4 |  4.6
Stealth        | 1 |  1.4

Action                     |  1- 3 |  4- 6 |  7- 9 || total
---------------------------+-------+-------+-------++-------
  Melee: War axe           |   102 |   176 |   109 ||   387
         Tailslap          |     6 |    19 |    10 ||    35
    Use: Scroll            |     2 |     3 |     8 ||    13
         Potion            |     1 |     8 |     2 ||    11
 Armour: Scale mail        |    59 |    25 |       ||    84
         Ring mail         |       |    41 |    54 ||    95
         Skin              |       |       |    19 ||    19
  Dodge: Dodged            |    35 |    67 |    57 ||   159
  Block: Buckler           |    29 |    29 |    30 ||    88
